[Event "WEM-KT 2018"]
[Site "Illertissen"]
[Date "2018.08.28"]
[Round "4"]
[White "Wolf, Rainer"]
[Black "Kohde, Janis"]
[Result "1-0"]
[ECO "A13"]
[WhiteElo "2044"]
[BlackElo "1803"]
[Annotator "NA RC"]
[PlyCount "45"]
[EventDate "2018.08.25"]
[EventType "tourn"]
[EventCountry "GER"]
[SourceTitle "playchess.com"]
[Source "ChessBase"]
[SourceQuality "1"]
[TimeControl "40/6000+30:3000+30"]

1. Nf3 Nf6 2. e3 d5 3. Be2 e6 4. O-O Be7 5. b3 O-O 6. Bb2 Nbd7 7. c4 c6 {[%emt 0:00:32] LiveBook: 16 Games} 8. d4 {[%emt 0:00:46] A13: Reti-Eröffnung} (8. Qc2 Bd6 9. Ba3 {½-½ (9) Hernando Pertierra,J (2388)-Del Rio de Angelis,S (2515) Madrid 2010}) 8... b6 9. Nfd2 $146 ({Vorgänger:} 9. Nc3 Bb7 10. Rc1 Rc8 11. Qd3 c5 12. cxd5 Nxd5 13. Nxd5 Bxd5 14. Rfd1 cxd4 15. Qxd4 Bf6 16. Qd2 Bxb2 17. Qxb2 Qe7 18. Nd4 h6 19. Bf3 Bxf3 {½-½ (19) Sosovicka,J (2215)-Borosova,Z (2263) Slovakia 2015}) 9... Bb7 10. Nc3 c5 11. Bf3 cxd4 12. exd4 Bb4 13. a3 Bxc3 14. Bxc3 Qc8 15. Rc1 dxc4 16. Bb4 Bxf3 17. Qxf3 Rd8 18. Nxc4 Qa6 19. Be7 Rdb8 20. Nd6 e5 21. Bxf6 Nxf6 (21... e4 $142 22. Nxe4 Nxf6 23. Nxf6+ gxf6) 22. dxe5 Qxa3 23. Nc4 $18 (23. Rfd1 $142) 1-0

[Event "WEM-KT 2018"]
[Site "Illertissen"]
[Date "2018.08.28"]
[Round "4"]
[White "Bossinger, Patrick"]
[Black "Guenther, Stefan"]
[Result "1-0"]
[ECO "C42"]
[WhiteElo "2039"]
[BlackElo "1907"]
[Annotator "NA RC"]
[PlyCount "134"]
[EventDate "2018.08.25"]
[EventType "tourn"]
[EventCountry "GER"]
[SourceTitle "playchess.com"]
[Source "ChessBase"]
[SourceQuality "1"]
[TimeControl "40/6000+30:3000+30"]

1. e4 e5 2. Nf3 Nf6 3. Nxe5 d6 4. Nf3 Nxe4 5. d4 d5 6. Bd3 Nc6 7. O-O Be7 8. c4 Nb4 9. cxd5 Nxd3 10. Qxd3 Qxd5 11. Nc3 Nxc3 12. bxc3 O-O {[%emt 0:06:49] C42: Petroff Defence: 3 Nxe5 and unusual White 3rd moves} 13. Ne5 f6 $146 ({Predecessor:} 13... c5 14. Ba3 Re8 15. Rfd1 b6 16. c4 Qxd4 17. Qxd4 cxd4 {0-1 (17) Munoz Duran,J (2200)-Corujedo Hernandez,R (2279) ICCF email 2008}) 14. c4 Qa5 15. Nf3 Bf5 16. Qb3 Qb4 17. Bd2 Qxb3 18. axb3 Rfe8 19. Rfe1 a6 20. d5 Bd6 21. Nd4 Bd7 22. Rad1 Rxe1+ 23. Rxe1 Kf7 24. b4 b6 25. Rc1 Be5 26. Nf3 $1 c6 27. Be3 Rb8 28. Nxe5+ fxe5 29. d6 Ke6 30. c5 bxc5 31. bxc5 a5 32. Kf1 a4 33. Ra1 Ra8 34. Ke2 Be8 35. Kd3 Kd7 36. Kc3 a3 37. Rc1 $1 Rb8 38. Ra1 Ra8 39. Rc1 a2 40. Kb2 Bf7 41. Ka1 Ra3 42. Rc2 Rd3 43. Rd2 Rc3 44. Rb2 Bb3 45. Re2 h6 46. Rb2 Rd3 47. Rd2 $1 Rc3 48. Rb2 Kc8 49. Re2 Bc4 50. Re1 Bd5 51. g4 (51. Rc1 $11 Rd3 52. Rc2) 51... Rc2 52. h4 g5 53. hxg5 hxg5 54. Bxg5 Rxf2 55. Be3 Rf3 56. g5 Rg3 57. Bd2 e4 58. Be3 Kd7 59. Bf4 Rf3 60. Be5 e3 61. g6 {[%emt 0:00:54] [#]} e2 $1 62. Kb2 Rf1 (62... Be6 $15 63. g7 Rf1) 63. Bc3 Rxe1 64. Bxe1 Ke8 65. g7 Kf7 66. g8=Q+ Kxg8 67. d7 Kf7 1-0

[Event "WEM-KT 2018"]
[Site "Illertissen"]
[Date "2018.08.28"]
[Round "4"]
[White "Hermann, Tobias"]
[Black "Handel, Oliver"]
[Result "1-0"]
[ECO "A13"]
[WhiteElo "2002"]
[BlackElo "1839"]
[Annotator "NA RC"]
[PlyCount "61"]
[EventDate "2018.08.25"]
[EventType "tourn"]
[EventCountry "GER"]
[SourceTitle "playchess.com"]
[Source "ChessBase"]
[SourceQuality "1"]
[TimeControl "40/6000+30:3000+30"]

1. b3 d5 2. Bb2 e6 3. e3 Nf6 4. Nf3 c5 5. c4 Nc6 6. cxd5 exd5 7. Bb5 {[%emt 0:01:01] LiveBook: 179 Games} Bd7 8. O-O {[%emt 0:03:44] A13: English Opening: 1...e6} a6 (8... Be7 9. d4 cxd4 10. Bxc6 bxc6 11. exd4 Bf5 12. Ne5 Rc8 13. Nc3 O-O 14. Na4 Nd7 15. Nd3 Bd6 {½-½ (34) Lopez Martinez,J (2607)-Pavasovic,D (2548) Heraklio 2017}) 9. Bxc6 Bxc6 10. d4 b6 11. Nc3 Be7 $146 ({Predecessor:} 11... Bd6 $11 12. Rc1 Rc8 13. Qe2 Bb7 14. Rfd1 O-O 15. dxc5 bxc5 {½-½ (29) Suba,M (2503)-Garcia Rodriguez,V (2015) Albacete 2004}) 12. Rc1 O-O 13. dxc5 bxc5 14. Ne5 Bb7 15. Na4 Rc8 16. Nd3 c4 17. bxc4 dxc4 18. Ne5 Bd5 19. Bd4 Ba3 20. Rc2 Qa5 21. Nb6 c3 22. Nxc8 Rxc8 23. Ng4 Ne8 24. Rxc3 Rxc3 25. Bxc3 Qc5 26. Qd4 Bxa2 $18 27. Ra1 Be6 28. Ne5 f6 29. Nd3 Qxd4 30. Bxd4 Bc4 31. Rxa3 1-0

[Event "WEM-KT 2018"]
[Site "Illertissen"]
[Date "2018.08.28"]
[Round "4"]
[White "Jooss, Achim"]
[Black "Schelberg, Martin"]
[Result "1/2-1/2"]
[ECO "E61"]
[WhiteElo "1749"]
[BlackElo "1727"]
[Annotator "NA RC"]
[PlyCount "22"]
[EventDate "2018.08.25"]
[EventType "tourn"]
[EventCountry "GER"]
[SourceTitle "playchess.com"]
[Source "ChessBase"]
[SourceQuality "1"]
[TimeControl "40/6000+30:3000+30"]

1. d4 Nf6 2. Nf3 d6 3. e3 g6 4. Bd3 Bg7 5. O-O O-O 6. c4 Nbd7 7. Nc3 e5 8. Ne4 Nxe4 9. Bxe4 f5 10. Bd5+ Kh8 11. Qb3 e4 1/2-1/2

[Event "WEM-KT 2018"]
[Site "Illertissen"]
[Date "2018.08.29"]
[Round "5"]
[White "Klaiss, Thomas"]
[Black "Bossinger, Patrick"]
[Result "1/2-1/2"]
[ECO "D04"]
[WhiteElo "2021"]
[BlackElo "2039"]
[Annotator "NA RC"]
[PlyCount "53"]
[EventDate "2018.08.25"]
[EventType "tourn"]
[EventCountry "GER"]
[SourceTitle "playchess.com"]
[Source "ChessBase"]
[SourceQuality "1"]
[TimeControl "40/6000+30:3000+30"]

1. d4 Nf6 2. Nf3 g6 3. e3 Bg7 4. Bd3 O-O 5. O-O d5 6. Nbd2 Bg4 {[%emt 0:04:33] D04: Colle System} (6... b6 7. Qe2 Bb7 8. c3 Nbd7 9. Ne5 c5 10. f4 Ne4 11. Nxe4 dxe4 12. Ba6 Bxa6 13. Qxa6 Nf6 14. Qb7 e6 15. a4 {0-1 (37) Akbaev,K (2475)-Lagno,K (2542) Khanty-Mansiysk 2013}) 7. h3 Bxf3 8. Nxf3 c5 9. b3 Nc6 10. Bb2 cxd4 $146 ({Predecessor:} 10... Nd7 11. c4 dxc4 12. Bxc4 cxd4 13. exd4 Nb6 14. Bb5 {½-½ (24) Sultana,Z (2081)-Grover,S (1957) Dhaka 2004}) 11. exd4 Rc8 12. Re1 Nb4 13. c4 Nxd3 14. Qxd3 dxc4 15. bxc4 Qc7 16. Rac1 Rfd8 17. Qa3 e6 18. d5 exd5 19. cxd5 Qd7 20. Rxc8 Rxc8 (20... Qxc8 $11 21. d6 (21. Qxa7 Nxd5 22. Bxg7 Kxg7 $11) 21... Ne8) 21. d6 Ne8 22. Bxg7 Kxg7 23. Rd1 ({Don't do} 23. Qxa7 Nxd6 24. Qd4+ f6 $14) (23. Qb2+ $16 Kg8 24. Qd4 (24. Ne5 Qxd6 25. Ng4 h5 $14)) 23... f6 24. Qxa7 Nxd6 25. Qd4 Rc6 26. Qd5 Qf7 27. Qxf7+ $11 1/2-1/2

[Event "WEM-KT 2018"]
[Site "Illertissen"]
[Date "2018.08.29"]
[Round "5"]
[White "Handel, Oliver"]
[Black "Maisch, Julian"]
[Result "0-1"]
[ECO "B06"]
[WhiteElo "1839"]
[BlackElo "2216"]
[Annotator "NA RC"]
[PlyCount "56"]
[EventDate "2018.08.25"]
[EventType "tourn"]
[EventCountry "GER"]
[SourceTitle "playchess.com"]
[Source "ChessBase"]
[SourceQuality "1"]
[TimeControl "40/6000+30:3000+30"]

1. e4 g6 2. d4 Bg7 3. Nf3 a6 {[%emt 0:00:06] B06: Modern Defence} (3... d6 4. Be2 Nf6 5. Nc3 O-O 6. O-O Nc6 7. d5 Nb8 8. h3 c6 9. Be3 b6 10. dxc6 Nxc6 11. Nd4 Bb7 12. Qd2 Rc8 13. Rfe1 Ne5 14. f3 d5 15. exd5 Nxd5 16. Nxd5 Qxd5 17. b3 {0-1 (49) Hou,Y (2658)-Nakamura,H (2777) chess.com INT 2018}) 4. Bd3 b5 5. O-O Bb7 6. c3 d6 7. Qb3 $146 ({Predecessor:} 7. a4 bxa4 8. Rxa4 Nd7 9. Re1 e6 10. Nbd2 {1-0 (51) Popov,I (2596)-Golubov,S (2481) Moscow 2016}) 7... Nf6 8. Re1 O-O 9. a4 c6 10. h3 Nbd7 11. Bf4 e5 12. Bh2 Qc7 13. Nbd2 Rab8 14. axb5 axb5 15. Qc2 Kh8 16. b4 Ng8 17. Nb3 Bc8 18. Na5 Nb6 $2 (18... Ne7 $16 {might work better.}) 19. Qe2 $2 (19. dxe5 $18 dxe5 {[#]} 20. Nxe5 $1 Bxe5 21. Bxe5+ Qxe5 22. Nxc6) 19... Bd7 20. Bc2 Rbe8 21. Qd3 f5 22. Nh4 $2 {[%emt 0:03:23] [#]} (22. dxe5 $16 Bxe5 23. Nxe5 dxe5 24. Rad1) 22... Qd8 $1 23. Qg3 $2 (23. Nf3 $15) 23... f4 ({Not} 23... exd4 24. exf5 Rxe1+ 25. Rxe1 $15) 24. Nxg6+ hxg6 25. Qxg6 Qf6 ({Weaker is} 25... exd4 26. e5 $15) (25... Re6 $142 26. Qg4 Rh6) 26. Qh5+ Qh6 27. Qd1 $2 {[%emt 0:00:20] [#]} (27. Qxh6+ Nxh6 28. Red1) 27... f3 $19 28. g4 (28. Qd3 $142) 28... Qxh3 0-1

[Event "WEM-KT 2018"]
[Site "Illertissen"]
[Date "2018.08.29"]
[Round "5"]
[White "Kohde, Janis"]
[Black "Jooss, Achim"]
[Result "1/2-1/2"]
[ECO "D45"]
[WhiteElo "1803"]
[BlackElo "1749"]
[Annotator "NA RC"]
[PlyCount "35"]
[EventDate "2018.08.25"]
[EventType "tourn"]
[EventCountry "GER"]
[SourceTitle "playchess.com"]
[Source "ChessBase"]
[SourceQuality "1"]
[TimeControl "40/6000+30:3000+30"]

1. d4 d5 2. c4 c6 3. Nc3 Nf6 4. Nf3 e6 5. e3 Bb4 6. Bd2 {[%emt 0:00:33] LiveBook: 5 Games} O-O 7. Bd3 dxc4 8. Bxc4 Nbd7 {[%emt 0:00:31] D45: Semi-Slav: 5 e3} (8... b5 9. Be2 Bb7 10. O-O Nbd7 11. Qc2 Rc8 12. Ne4 Nxe4 13. Bxb4 c5 14. dxc5 Ndxc5 15. Qd1 Qb6 16. Qe1 {½-½ (86) Sandipan,C (2579)-Lercel,M (2252) Caleta 2018}) 9. O-O Re8 10. a3 Ba5 11. Qc2 e5 12. b4 $146 ({White should play Predecessor:} 12. Qb3 $14 Re7 13. dxe5 Nxe5 14. Nxe5 Rxe5 15. Bxf7+ {½-½ (44) Golubiatnikov,V (2241)-Presnyakov,S (2062) Kimry 2007} Kh8 16. Rad1) 12... Bc7 13. Qa2 Re7 14. Rfd1 {[%emt 0:02:55] [#]} h6 (14... e4 $1 $17 15. Ng5 Qe8) 15. Nh4 exd4 16. exd4 Nf8 $15 17. Be3 $2 (17. Re1 $15) 17... Ng4 18. Nf3 1/2-1/2

[Event "WEM-KT 2018"]
[Site "Illertissen"]
[Date "2018.08.29"]
[Round "5"]
[White "Seidler, Ottmar"]
[Black "Guenther, Stefan"]
[Result "0-1"]
[ECO "E10"]
[WhiteElo "1706"]
[BlackElo "1907"]
[Annotator "NA RC"]
[PlyCount "74"]
[EventDate "2018.08.25"]
[EventType "tourn"]
[EventCountry "GER"]
[SourceTitle "playchess.com"]
[Source "ChessBase"]
[SourceQuality "1"]
[TimeControl "40/6000+30:3000+30"]

1. d4 Nf6 2. c4 c5 3. d5 b5 4. Nf3 e6 5. dxe6 fxe6 {[%emt 0:00:10] LiveBook: 610 Games} 6. cxb5 d5 7. e3 Bd6 8. b3 {[%emt 0:00:31] E10: Blumenfeld Gambit} O-O 9. Bd3 (9. Bb2 Nbd7 10. Bd3 Qe8 11. Nbd2 Bb7 12. O-O Qh5 13. h3 e5 14. e4 dxe4 15. Bc4+ Kh8 {1-0 (59) Tan,Z (2517)-Muzychuk,M (2544) Huaian 2017}) 9... Bb7 10. Bb2 Nbd7 11. Nbd2 Qe7 12. Rc1 $146 ({Predecessor:} 12. Qe2 Ne4 13. O-O Rf5 14. g3 Qf7 15. Ne1 Be5 16. Bxe5 Nxe5 {1-0 (26) Piankov,E (2374)-Felizes,P (2140) Linares 2000}) 12... Ng4 13. O-O a6 14. bxa6 Bxa6 15. Bxa6 Rxa6 16. a4 e5 17. h3 Nh6 18. Nb1 d4 19. exd4 cxd4 20. Qd3 Raa8 21. Rfe1 Qf6 (21... Bb4 $16 {keeps fighting.}) 22. Nbd2 Qf4 $2 (22... Nf7 {ist eine bessere Verteidigung.} 23. Rc6 Rac8) 23. Ne4 Be7 24. Rc7 Rad8 25. Qc4+ Qf7 26. Qb5 Qe6 27. Rc6 Qf7 28. Rc7 Qe6 29. Rec1 Rxf3 30. gxf3 Qxh3 31. Rc8 Nf8 32. Rxd8 Bxd8 33. Qxe5 Qxf3 34. Bxd4 Qg4+ 35. Qg3 Qd7 36. Rc7 $2 ({White should play} 36. Bc3 $18) 36... Qxd4 $11 (36... Qxc7 $17 37. Qxc7 Bxc7) 37. Rc1 $2 (37. Rc8 $1 $11) 37... Qd7 0-1

[Event "WEM-KT 2018"]
[Site "Illertissen"]
[Date "2018.08.30"]
[Round "6"]
[White "Wolf, Rainer"]
[Black "Bildt, Maximilian"]
[Result "1/2-1/2"]
[ECO "A38"]
[WhiteElo "2044"]
[BlackElo "2073"]
[Annotator "NA RC"]
[PlyCount "88"]
[EventDate "2018.08.25"]
[EventType "tourn"]
[EventCountry "GER"]
[SourceTitle "playchess.com"]
[Source "ChessBase"]
[SourceQuality "1"]
[TimeControl "40/6000+30:3000+30"]

1. Nf3 Nf6 2. c4 g6 3. Nc3 c5 4. g3 Bg7 5. Bg2 O-O {[%emt 0:00:23] LiveBook: 663 Games} 6. O-O Nc6 7. d3 d6 8. h3 a6 9. Be3 {[%emt 0:02:41] A38: Englische Eröffnung (Symmetrische Variante)} Bd7 10. Qd2 Rb8 11. Bh6 b5 12. Bxg7 (12. b3 Qa5 13. Bxg7 Kxg7 14. Rad1 Rfc8 15. Nh4 {½-½ (57) Sarana,A (2432)-Kovalenko,I (2680) Minsk 2015}) 12... Kxg7 13. b3 b4 $146 ({Vorgänger:} 13... e5 14. Kh2 h6 15. e3 Re8 16. Ng1 Nh7 17. f4 f5 18. Nd5 {½-½ (44) Ivanka Budinsky,M (2310)-Mencinger,V (2385) Belgrade 1988}) 14. Nd5 Nxd5 15. cxd5 Na7 16. d4 Nb5 17. dxc5 dxc5 18. Ne5 Qc8 19. Qe3 Nc3 20. Kh2 Rd8 (20... Qc7 $14) 21. Nc6 Bxc6 22. dxc6 Qc7 23. Qxc5 Rb5 24. Qc4 e5 25. e3 Qb6 26. a3 a5 27. axb4 axb4 28. Rfc1 Qc5 29. Qh4 ({Better is} 29. Qxc5 $16 Rxc5 30. Rc2) 29... Re8 (29... Rd2 $11) 30. Qc4 ({Better is} 30. Ra6 $16) 30... Qxc4 31. bxc4 Rc5 32. Ra7 Rxc4 {[%emt 0:01:00] [#]} 33. Bd5 $1 Rc5 34. Rxf7+ ({Keinesfalls} 34. Bxf7 Rf8 $16) 34... Kh6 35. Rd7 $11 (35. Bg2 $18) 35... Rc8 36. e4 Nxe4 37. Rxc5 Nxc5 38. Re7 e4 39. h4 b3 40. Bxe4 Nxe4 41. Rxe4 Rxc6 42. Rb4 Rc2 43. Rxb3 Rxf2+ 44. Kh3 Rf7 1/2-1/2

[Event "WEM-KT 2018"]
[Site "Illertissen"]
[Date "2018.08.30"]
[Round "6"]
[White "Klaiss, Thomas"]
[Black "Jakob, Georg"]
[Result "0-1"]
[ECO "A47"]
[WhiteElo "2021"]
[BlackElo "2084"]
[Annotator "NA RC"]
[PlyCount "62"]
[EventDate "2018.08.25"]
[EventType "tourn"]
[EventCountry "GER"]
[SourceTitle "playchess.com"]
[Source "ChessBase"]
[SourceQuality "1"]
[TimeControl "40/6000+30:3000+30"]

1. d4 Nf6 2. Nf3 e6 3. e3 b6 4. Bd3 Bb7 {[%emt 0:00:06] LiveBook: 2963 Games} 5. Nbd2 c5 6. c3 Nc6 7. O-O Qc7 8. Qe2 Be7 {[%emt 0:08:00] A47: Damenindisch (ohne c2-c4)} 9. e4 Rc8 (9... cxd4 10. cxd4 Nb4 11. Bb5 a6 12. Ba4 Bc6 13. Bxc6 Qxc6 14. e5 Nfd5 15. Ne4 Qb5 16. Qxb5 axb5 {0-1 (41) Vezzosi,P (2369)-Strikovic,A (2505) Padova 2015}) 10. Re1 (10. dxc5 $14 Bxc5 11. e5) 10... cxd4 11. Nxd4 Ne5 12. Bb1 $146 ({Vorgänger:} 12. Bc2 a6 13. f4 Ng6 14. N2f3 Nxf4 15. Qf2 Ng6 16. h3 Bd6 17. Qe2 Bg3 18. Rf1 O-O 19. h4 h5 20. Bg5 Ng4 21. Rad1 N6e5 22. Nxe5 Bxe5 {0-1 (22) Milin,D (2066)-Kostic,M (2196) Belgrade 2016}) 12... O-O 13. Nb5 Qb8 $1 14. Nf1 a6 15. Nd4 d6 16. f4 Ned7 17. e5 Nd5 18. Kh1 b5 19. Ng3 N7b6 20. Qh5 g6 21. Qg4 {[%emt 0:06:30] [#]} Kh8 (21... dxe5 $1 $17 22. fxe5 Nc4 23. Nxe6 Nxe5) 22. Qh3 Rg8 23. f5 gxf5 24. Ndxf5 exf5 25. Bxf5 Rg7 26. Bh6 Rcg8 27. Bxg7+ Rxg7 28. exd6 Bxd6 29. Be4 (29. Qh4 $1 $15) 29... Bxg3 30. hxg3 $17 Qxg3 31. Qh5 Nf4 0-1

[Event "WEM-KT 2018"]
[Site "Illertissen"]
[Date "2018.08.30"]
[Round "6"]
[White "Hermann, Tobias"]
[Black "Kohde, Janis"]
[Result "1-0"]
[ECO "D03"]
[WhiteElo "2002"]
[BlackElo "1803"]
[Annotator "NA RC"]
[PlyCount "63"]
[EventDate "2018.08.25"]
[EventType "tourn"]
[EventCountry "GER"]
[SourceTitle "playchess.com"]
[Source "ChessBase"]
[SourceQuality "1"]
[TimeControl "40/6000+30:3000+30"]

1. d4 d5 2. Nf3 Nf6 3. Bg5 e6 4. e3 Nbd7 5. Nbd2 h6 6. Bh4 Be7 7. Bd3 O-O 8. O-O c5 9. c3 b6 10. Ne5 Bb7 11. f4 Ne4 {[%emt 0:02:13] D03: 1 d4 d5 2 Nf3 Nf6 3 Bg5, including Torre Attack with early ...d5} 12. Bxe7 {[%emt 0:44:35] LiveBook: 19 Games} Qxe7 13. Nxd7 (13. a4 Nxe5 14. fxe5 Qg5 15. Rf4 cxd4 16. cxd4 f5 17. exf6 Rxf6 18. Nf3 Qg6 19. Ne5 {0-1 (40) Yudin,S (2517)-Predke,A (2579) Samara 2017}) 13... Qxd7 14. Rf3 $146 ({Predecessor:} 14. Bxe4 dxe4 15. Nb3 Rfd8 16. Rf2 a5 17. Rd2 a4 18. dxc5 Qe7 19. c6 Rxd2 20. Qxd2 axb3 21. cxb7 Qxb7 {0-1 (43) Mehmeti,D (2416)-Bengherabi,K (2170) Tromsoe 2014}) 14... f5 15. Rh3 Nxd2 16. Qxd2 Rf6 17. Kf2 g5 18. Rg1 g4 19. Rh4 Qe7 20. g3 c4 21. Be2 b5 22. h3 gxh3 23. Rxh3 Raf8 (23... Kh8 $16) 24. Bh5 Kh7 25. Ke1 $16 ({Lieber} 25. g4 $18 fxg4 26. Rxg4 (26. Bxg4 Rg8 $16)) 25... Rg8 26. Qh2 b4 27. g4 fxg4 28. Bxg4 Bc6 29. Rh1 Qf8 30. Bd1 Be8 31. Bc2+ Bg6 32. Rxh6+ 1-0

[Event "WEM-KT 2018"]
[Site "Illertissen"]
[Date "2018.08.30"]
[Round "6"]
[White "Handel, Oliver"]
[Black "Schelberg, Martin"]
[Result "1-0"]
[ECO "B09"]
[WhiteElo "1839"]
[BlackElo "1727"]
[Annotator "NA RC"]
[PlyCount "82"]
[EventDate "2018.08.25"]
[EventType "tourn"]
[EventCountry "GER"]
[SourceTitle "playchess.com"]
[Source "ChessBase"]
[SourceQuality "1"]
[TimeControl "40/6000+30:3000+30"]

1. e4 g6 2. d4 Bg7 3. f4 d6 4. Nf3 Nf6 5. Nc3 {[%emt 0:00:10] LiveBook: 5128 Games} O-O 6. Bd3 Nbd7 7. O-O Kh8 {[%emt 0:17:21] B09: Pirc Defence: Austrian Attack} (7... e5 8. dxe5 dxe5 9. f5 Nc5 10. Bg5 Nxd3 11. Qxd3 Qxd3 12. cxd3 c6 13. Rae1 Nd7 14. g4 b6 15. Rf2 Re8 16. Rd2 {½-½ (37) Karjakin,S (2788)-Ivanchuk,V (2768) Ningbo 2011 CBM 144 [Marin,M]}) 8. e5 $146 ({Predecessor:} 8. f5 Nb6 9. Bg5 h6 10. Bxf6 exf6 11. fxg6 fxg6 12. Nh4 Qe8 13. e5 f5 14. Nb5 Qf7 15. Qe2 {1-0 (29) Nathansky,D-Straslipka,J Klatovy 2003}) 8... Ng8 9. Qe1 Nh6 10. h3 c5 11. Be3 cxd4 12. Bxd4 Nc5 13. Bxc5 dxc5 14. Rd1 Qa5 15. Qe4 Bf5 16. Qxb7 e6 17. Bxf5 (17. Qb5 $16 Qc7 18. b3) 17... Nxf5 (17... Rab8 $1 $11 18. Qc6 Nxf5) 18. Ng5 (18. Rd7 $5 ) 18... Ne3 $2 (18... Rab8 $1 $11 {and Black is okay.} 19. Qd7 (19. Nxf7+ Kg8 $17) 19... Kg8) 19. Nxf7+ Kg8 20. Ng5 Rab8 21. Qe7 Rbe8 22. Qd7 Qb6 $2 (22... Nxd1 23. Rxd1 Qd8) 23. Rd6 Qxb2 24. Rxe6 Rd8 25. Qxa7 Qxc3 26. Re7 Nf5 27. Ne6 $2 (27. Rf7 $17 {ist wohl besser.}) 27... Qe3+ 28. Kh2 Qg3+ $2 (28... Nxe7 $19 29. Qxe7 {[#]} Bxe5 $1 ) 29. Kh1 Nxe7 (29... Bxe5 $1 $15 30. Rxh7 Qc3 31. fxe5 Qxe5) 30. Qxe7 Bxe5 $2 (30... Bh6 $11 {und Schwarz ist OK.} 31. Nxd8 Bxf4 32. Rxf4 Rxf4 33. Qe8+ Rf8 34. Qe6+ Kg7 35. Qe7+ Kg8 36. Qe6+ Kh8 37. Nf7+ Kg8 38. Nd6+ Kh8 39. Nf7+ Kg8 40. Nd6+ Kh8 41. Nf7+) 31. Nxf8 (31. Nxd8 $2 {is the wrong capture.} Bxf4 32. Rxf4 Rxf4 $17) 31... Bxf4 $11 32. Qe6+ $2 ({Der einzige Zug:} 32. Qxh7+ $18 Kxf8 33. Qh6+ Ke7 34. Qxf4 Qxf4 35. Rxf4 Rd2) 32... Kg7 $1 33. Qe7+ Kh6 34. Qxh7+ Kg5 35. Qxg6+ Kh4 36. Qh7+ Kg5 37. Ne6+ Kf6 38. Rxf4+ Kxe6 39. Qf7+ Kd6 40. Rf6+ Ke5 41. Qe7+ Kd5 1-0

[Event "WEM-KT 2018"]
[Site "Illertissen"]
[Date "2018.08.30"]
[Round "6"]
[White "Jooss, Achim"]
[Black "Seidler, Ottmar"]
[Result "0-1"]
[ECO "D53"]
[WhiteElo "1749"]
[BlackElo "1706"]
[Annotator "NA RC"]
[PlyCount "102"]
[EventDate "2018.08.25"]
[EventType "tourn"]
[EventCountry "GER"]
[SourceTitle "playchess.com"]
[Source "ChessBase"]
[SourceQuality "1"]
[TimeControl "40/6000+30:3000+30"]

1. d4 d5 2. c4 Nf6 3. Bg5 e6 4. Nc3 Be7 5. Nf3 Nbd7 6. e3 b6 7. cxd5 Nxd5 8. Bxe7 Nxe7 9. Bd3 Bb7 10. O-O c5 11. Be4 Nd5 12. Qb3 N7f6 13. dxc5 Nxe4 14. Nxe4 O-O 15. Rac1 Qe7 16. c6 Ba6 17. Rfe1 Rac8 18. Qa4 Bd3 19. Ne5 Nb4 20. Nc3 f6 21. Nd7 Rfd8 22. Red1 Bc2 23. Rxc2 Nxc2 24. Qxc2 Rxc6 25. Qa4 Rd6 26. Nxf6+ gxf6 27. Qg4+ Qg7 28. Rxd6 Rxd6 29. Qf4 Rd7 30. h3 Qg6 31. Ne4 Kg7 32. Kh2 e5 33. Qf3 Rc7 34. Nc3 f5 35. g4 fxg4 36. hxg4 Rf7 37. Qe2 Rc7 38. Kg3 h5 39. f4 exf4+ 40. exf4 Qxg4+ 41. Qxg4+ hxg4 42. Kxg4 Rc4 43. Kf5 b5 44. Nd5 Rc2 45. Ke6 Rxb2 46. f5 Re2+ 47. Kd6 Rxa2 48. Nc3 Rd2+ 49. Ke7 b4 50. f6+ Kg6 51. f7 Rf2 0-1

[Event "WEM-KT 2018"]
[Site "Illertissen"]
[Date "2018.08.31"]
[Round "7"]
[White "Schulz, Volker"]
[Black "Handel, Oliver"]
[Result "0-1"]
[ECO "C52"]
[WhiteElo "2169"]
[BlackElo "1839"]
[Annotator "NA"]
[PlyCount "92"]
[EventDate "2018.08.25"]
[EventType "tourn"]
[EventCountry "GER"]
[SourceTitle "playchess.com"]
[Source "ChessBase"]
[SourceQuality "1"]
[TimeControl "40/6000+30:3000+30"]

1. e4 e5 2. Nf3 Nc6 3. Bc4 Bc5 4. b4 Bxb4 5. c3 Ba5 6. d4 exd4 7. Qb3 Qe7 8. O-O $1 d6 {[%emt 0:10:43] LiveBook: 5 Games} 9. cxd4 {[%emt 0:07:51] C52: Evans Gambit Accepted: 5 c3 Ba5} Bb6 $1 10. Bb2 (10. Bb5 Bd7 11. d5 Nb8 12. Bc4 Bg4 13. Bb2 f6 14. a4 a5 15. Nd4 Nd7 16. Qg3 Bxd4 17. Bxd4 {1-0 (62) Antal,G (2549)-Abramciuc,M (2357) Arad 2018}) 10... Na5 11. Qc3 Nxc4 12. Qxc4 Bg4 13. Nbd2 Nh6 14. a4 $146 ({Predecessor:} 14. e5 O-O 15. Rfe1 Qd7 16. d5 Qf5 {0-1 (51) Cernousek,L (1640)-Soukup,J (1870) Svetla nad Sazavou 1995}) 14... a6 15. a5 Ba7 16. Rac1 Rc8 17. Qb3 Rb8 18. Qc3 Rc8 19. Rfe1 O-O $1 20. Nc4 Bd7 21. Ba3 Qe6 (21... Rfe8 $11) 22. d5 Qg6 {[%emt 0:02:27] [#]} 23. e5 (23. Nce5 $1 $11 dxe5 24. Bxf8) 23... Rfe8 24. Qb4 {[%emt 0:03:50] [#]} Ng4 $1 25. Ne3 Nxe5 26. Nxe5 Rxe5 ({Inferior is} 26... dxe5 27. Qxb7 Bd4 28. d6 $11) 27. Qxb7 Bxe3 28. fxe3 Bh3 29. Qb2 $2 {[%emt 0:01:14] [#]} (29. Re2) 29... Rxd5 $2 (29... Bxg2 $1 30. Qxg2 Rg5) 30. Kh1 Qe4 31. Qe2 Rxa5 32. Rc4 (32. Rc3 {might work better.}) 32... Qb7 33. Bc1 Be6 34. Rh4 Ra2 35. Bd2 c5 36. Qd3 g6 37. Qxd6 (37. Rg1 $142) 37... Bd5 38. e4 Rxd2 39. exd5 Rxd5 40. Qg3 c4 41. Rhe4 Qc6 42. Qf2 {[%emt 0:09:32] [#]} Rd1 $1 43. Qc2 $19 Rxe1+ 44. Rxe1 c3 45. h3 Rd8 46. Qb3 c2 0-1

[Event "WEM-KT 2018"]
[Site "Illertissen"]
[Date "2018.08.31"]
[Round "7"]
[White "Engelhart, Achim"]
[Black "Laengl, Juergen"]
[Result "1/2-1/2"]
[ECO "C04"]
[WhiteElo "2126"]
[BlackElo "2223"]
[Annotator "ChessBase"]
[PlyCount "116"]
[EventDate "2018.08.25"]
[EventType "tourn"]
[EventCountry "GER"]
[SourceTitle "playchess.com"]
[Source "ChessBase"]
[SourceQuality "1"]
[TimeControl "40/6000+30:3000+30"]

1. e4 e6 2. d4 d5 3. Nd2 Nc6 4. Ngf3 Nf6 5. e5 Ng4 6. h3 Nh6 7. Be2 f6 8. exf6 Qxf6 9. Nf1 Nf7 10. Ne3 Bd7 11. Ng4 Qe7 12. c3 Qd6 13. g3 h5 14. Bf4 hxg4 15. Bxd6 gxf3 16. Bxf8 fxe2 17. Qxe2 Rxf8 18. O-O-O O-O-O 19. f4 Nd6 20. h4 Ne4 21. Rdg1 Ne7 22. h5 c5 23. dxc5 e5 24. fxe5 Rf2 25. Qd1 Bb5 26. h6 gxh6 27. Rxh6 Nxc5 28. Qg4+ Nf5 29. Rf6 Bd3 30. Rh1 Kb8 31. Rxf5 Bxf5 32. Qg7 Ne6 33. Qf6 d4 34. Rh8 Rf1+ 35. Kd2 dxc3+ 36. Kxc3 Rf3+ 37. Kb4 a5+ 38. Kxa5 Rxh8 39. Qxh8+ Ka7 40. Qh4 Re3 41. Qf6 Rf3 42. b3 Bg4 43. Qh4 Bf5 44. Qf6 Bg4 45. Qh4 b6+ 46. Kb4 Bf5 47. Ka3 Nc5 48. g4 Be6 49. Qe7+ Ka6 50. g5 Rg3 51. Kb2 Rg2+ 52. Ka3 Rg3 53. Kb2 Rg2+ 54. Ka3 Rg3 55. Qe8 Rxg5 56. Qa8+ Kb5 57. Qe8+ Ka6 58. Qe7 Rg4 1/2-1/2